 Dungeon Sprint DCSS version 0.30-a0-368-g86fb4627a9 (webtiles) character file.

Game seed: 3893674075134449236

3671 mhtbhm the Protected (level 9, -13/90 HPs)
             Began as an Armataur Fighter on Nov 19, 2022.
             Was an Initiate of Gozag.
             Mangled by a skeletal warrior
             ... wielding a +0 long sword
              (21 damage)
             ... in the Dungeon (Sprint VII: "The Pits").
             The game lasted 00:02:39 (1216 turns).

mhtbhm the Protected (Armataur Fighter)             Turns: 1216, Time: 00:02:40

Health: -13/90     AC: 17    Str: 26    XL:     9   Next: 89%
Magic:  9/9        EV:  7    Int:  8    God:    Gozag
Gold:   2997       SH:  7    Dex: 16    Spells: 8/8 levels left

rFire   . . .      SeeInvis .    a - +2 war axe (freeze)
rCold   . . .      Faith    .    c - +0 buckler
rNeg    . . .      Spirit   .    b - +4 chain mail
rPois   .          Reflect  .    (no helmet)
rElec   .          Harm     .    (no cloak)
rCorr   .          Roll     +    r - +0 pair of gloves
Will    .....      NoTele   +    (no barding)
Stlth   ..........               (no amulet)
HPRegen 0.35/turn                n - +3 ring of dexterity
MPRegen 0.11/turn                o - +3 ring of dexterity

@: no status effects
A: large, rugged brown scales 3, deformed body, armoured tail, roll, long
tongue, awkward tongue
a: Renounce Religion, Potion Petition, Call Merchant, Bribe Branch


You were in the Dungeon.
You worshipped Gozag.
Gozag was most pleased with you.
You visited 1 branch You collected 2997 gold pieces.

Inventory:

Hand Weapons
 a - a +2 war axe of freezing (weapon)
Armour
 b - a +4 chain mail (worn)
 c - a +0 buckler (worn)
 r - a +0 pair of gloves (worn)
Jewellery
 n - a +3 ring of dexterity (left hand)
 o - a +3 ring of dexterity (right hand)
Scrolls
 j - a scroll of blinking
 l - 5 scrolls of amnesia
 m - a scroll of summoning
Potions
 d - a potion of might
 e - 3 potions of curing
 f - 15 potions of heal wounds
 g - a potion of haste
 h - 4 potions of magic
 i - 3 potions of berserk rage
 k - 2 potions of invisibility
 p - a potion of brilliance
 q - a potion of mutation


   Skills:
 + Level 9.8 Fighting
 + Level 12.8 Axes
 + Level 14.0 Armour
 + Level 1.5 Dodging
 + Level 2.2 Stealth
 + Level 9.8 Shields


You had 8 spell levels left.
You didn't know any spells.
Your spell library was empty.

Dungeon Overview and Level Annotations

Branches:
Dungeon (1/1)

Altars:
Ashenzari
Cheibriados
Dithmenos
Elyvilon
Fedhas
Gozag
Hepliaklqana
Kikubaaqudgha
Makhleb
Nemelex Xobeh
Okawaru
Qazlal
Ru
Sif Muna
Trog
Uskayaw
Vehumet
Wu Jian
Xom
Yredelemnul
Zin
The Shining One
Jiyva
Lugonu


Innate Abilities, Weirdness & Mutations

You are completely covered in rugged brown scales. (AC +3, +7% HP)
Armour fits poorly on your strangely shaped body.
You have a long armoured tail.
You roll when moving toward enemies. (Rampage)
Your long tongue fully drains potion bottles. (2x potion effects)
Your tongue gives you trouble enunciating. (1.5x scroll delay)


Message History

You tail-slap the skeletal warrior!
The skeletal warrior is severely damaged.
The skeletal warrior hits you with a +0 long sword.
You barely miss the skeletal warrior. You tail-slap the skeletal warrior.
The skeletal warrior is severely damaged.
You hit the skeletal warrior but do no damage.
The skeletal warrior is severely damaged.
The skeletal warrior hits you with a +0 long sword!!
You are too injured to fight recklessly!
You are too injured to fight recklessly!
You are too injured to fight recklessly!
You are too injured to fight recklessly!
You are too injured to fight recklessly!
You are too injured to fight recklessly!
You are too injured to fight recklessly!
You are too injured to fight recklessly!
You are too injured to fight recklessly!
You are too injured to fight recklessly!
You are too injured to fight recklessly!
You are too injured to fight recklessly!
You are too injured to fight recklessly!
You are too injured to fight recklessly!
You are too injured to fight recklessly!
You are too injured to fight recklessly!
You are too injured to fight recklessly!
You are too injured to fight recklessly!
You barely miss the skeletal warrior.
The skeletal warrior is severely damaged.
The skeletal warrior hits you with a +0 long sword!!
* * * LOW HITPOINT WARNING * * *
You slash the skeletal warrior! You freeze the skeletal warrior.
You tail-slap the skeletal warrior.
The skeletal warrior is almost destroyed.
The skeletal warrior hits you with a +0 long sword!!
* * * LOW HITPOINT WARNING * * *
You barely miss the skeletal warrior.
The skeletal warrior is severely damaged.
The skeletal warrior hits you with a +0 long sword!!
You die...
Your body crumbles into a pile of gold.

.....#..#......#
...............+
...............+
.....#..#......#
...............#
##'#####''######
......##''################
......##..#..............#
......##..##....@z........
..<...##..####...#)######.
......##..#..#####)##
......##..#....##...#
......##..'.....#...#
########..').)..'...+
########..')....#...#
.#..[.##..#....##...#
.#..[[##..#..#####.##


You could see a skeletal warrior.

Vanquished Creatures
  Erica (D)
  A cane toad (D)
  A gargoyle (D)
  A komodo dragon (D)
  4 blink frogs (D)
  5 yaks (D)
  A shadow (D)
  2 floating eyes (D)
  A wolf (D)
  A kobold brigand (D)
  A bullfrog (D)
  A crimson imp (D)
  2 hounds (D)
  3 orc priests (D)
  An adder (D)
  2 river rats (D)
  2 ufetubi (D)
  5 orcs (D)
  A bat zombie (D)
  A hobgoblin (D)
  A jackal (D)
  2 kobolds (D)
  A quokka (D)
  A frilled lizard (D)
  3 rats (D)
45 creatures vanquished.

Notes
Turn   | Place    | Note
-------+----------+-------------------------------------------
     0 | D        | mhtbhm the Armataur Fighter began the quest for the Orb.
     0 | D        | Reached XP level 1. HP: 19/19 MP: 1/1
    23 | D        | Found a bloodstained altar of Trog.
    23 | D        | Found a shimmering blue altar of Sif Muna.
    23 | D        | Found a viscous altar of Jiyva.
    23 | D        | Found a hazy altar of Hepliaklqana.
    23 | D        | Found an opulent altar of Gozag.
    24 | D        | Found a glowing golden altar of the Shining One.
    24 | D        | Found a glowing silver altar of Zin.
    24 | D        | Found a basalt altar of Yredelemnul.
    24 | D        | Found a shimmering altar of Xom.
    24 | D        | Found an ornate altar of the Wu Jian Council.
    24 | D        | Found a sacrificial altar of Ru.
    24 | D        | Found a stormy altar of Qazlal.
    24 | D        | Found an iron altar of Okawaru.
    24 | D        | Found a sparkling altar of Nemelex Xobeh.
    24 | D        | Found a burning altar of Makhleb.
    24 | D        | Found a blossoming altar of Fedhas.
    24 | D        | Found a white marble altar of Elyvilon.
    24 | D        | Found a shadowy altar of Dithmenos.
    24 | D        | Found a snail-covered altar of Cheibriados.
    26 | D        | Found a radiant altar of Vehumet.
    26 | D        | Found a corrupted altar of Lugonu.
    27 | D        | Found a hide-covered altar of Uskayaw.
    27 | D        | Found an ancient bone altar of Kikubaaqudgha.
    27 | D        | Found a broken altar of Ashenzari.
    31 | D        | Became a worshipper of Gozag Ym Sagoz the Greedy
    76 | D        | Reached skill level 4 in Armour
    76 | D        | Reached XP level 2. HP: 24/27 MP: 2/2
   115 | D        | Noticed a floating eye
   121 | D        | Killed a floating eye
   122 | D        | Reached skill level 5 in Fighting
   122 | D        | Reached skill level 7 in Armour
   122 | D        | Reached XP level 3. HP: 38/38 MP: 3/3
   122 | D        | Reached XP level 4. HP: 44/44 MP: 4/4
   299 | D        | Noticed a bullfrog
   324 | D        | Killed a bullfrog
   325 | D        | Reached skill level 8 in Armour
   325 | D        | Reached XP level 5. HP: 20/53 MP: 5/5
   329 | D        | Reached skill level 5 in Axes
   347 | D        | Reached XP level 6. HP: 41/60 MP: 6/6
   379 | D        | Noticed a floating eye
   384 | D        | Killed a floating eye
   385 | D        | Reached skill level 9 in Armour
   418 | D        | Noticed a shadow
   429 | D        | Killed a shadow
   430 | D        | Reached XP level 7. HP: 63/68 MP: 7/7
   467 | D        | Reached skill level 10 in Armour
   467 | D        | Reached skill level 1 in Dodging
   511 | D        | Noticed Erica
   511 | D        | Noticed a yak
   511 | D        | Noticed a yak
   511 | D        | Noticed a yak
   511 | D        | Noticed a yak
   511 | D        | Noticed a yak
   524 | D        | Killed a yak
   546 | D        | Killed a yak
   547 | D        | Reached skill level 11 in Armour
   556 | D        | Killed a yak
   557 | D        | Reached XP level 8. HP: 51/78 MP: 8/8
   582 | D        | Reached skill level 10 in Axes
   604 | D        | Killed Erica
   605 | D        | Reached skill level 12 in Armour
   757 | D        | Noticed a komodo dragon
   761 | D        | Reached XP level 9. HP: 83/87 MP: 9/9
   767 | D        | Killed a komodo dragon
   887 | D        | Noticed a cane toad
   889 | D        | Noticed a gargoyle
   890 | D        | Killed a cane toad
   891 | D        | Reached skill level 13 in Armour
   891 | D        | Reached skill level 1 in Stealth
   892 | D        | Killed a gargoyle
   925 | D        | Reached skill level 14 in Armour
  1198 | D        | Noticed a skeletal warrior
  1216 | D        | Mangled by a skeletal warrior

Illustrated notes

Levels and vault maps discovered:
D:        pitsprint [storerooms_1, entrance_room_1, metal_vault_1, armoury_1,
          mini_pit_1, grid_room_1, main_hall_1, silver_pit, the_coven_3,
          the_vestibule_1, steel_vault_1, golden_pit, hallway_of_sentries,
          crystal_vault_3, iron_vault_4, final_vault]

Skill      XL: |  1  2  3  4  5  6  7  8  9 |
---------------+----------------------------+-----
Fighting       | 3 5 6 7 8 9 |  9.8
Axes           | 2 3 4 5 7 9 11 12 | 12.8
Armour         | 4 7 8 9 11 12 14 | 14.0
Shields        | 4 6 7 8 9 |  9.8
Dodging        | 1 |  1.5
Stealth        | 2 |  2.2

Action                   |  1- 3 |  4- 6 |  7- 9 || total
-------------------------+-------+-------+-------++-------
Melee: Hand axe          |    20 |    69 |   108 ||   197
       War axe           |     2 |       |    55 ||    57
       Tailslap          |     3 |     7 |    19 ||    29
  Use: Potion            |       |     1 |     5 ||     6
 Stab: Distracted        |       |       |     1 ||     1
Armor: Scale mail        |     7 |     6 |       ||    13
       Chain mail        |       |    28 |    29 ||    57
Dodge: Dodged            |     5 |    18 |    25 ||    48
Block: Buckler           |     2 |    14 |    23 ||    39

Table legend: (Time is in decaauts)
 A = Elapsed time spent in this place.
 B = Non-inter-level travel time spent in this place.
 C = Inter-level travel time spent in this place.
 D = Time resting spent in this place.
 E = Time spent auto-exploring this place.
 F = Levels seen in this place.
 G = Mean time per level.
                   A        B        C        D        E       F      G
               +--------+--------+--------+--------+--------+-----+--------+
         Total |   1227 |   1227 |      0 |    548 |     22 |   1 | 1227.0 |
       Dungeon |   1227 |   1227 |      0 |    548 |     22 |   1 | 1227.0 |
               +--------+--------+--------+--------+--------+-----+--------+

Top non-repeatable levels by time:
       D: 1227 daAuts
